 Dungeon Crawl Stone Soup version 0.20-a0-537-g052e6ba (webtiles) character file.

13377 AlphabetPasta the Jinx (level 12, -3/78 HPs)
             Began as an Octopode Arcane Marksman on Jan 27, 2017.
             Was a Believer of Ashenzari.
             Slain by a centaur (5 damage)
             ... on level 11 of the Dungeon on Jan 28, 2017.
             The game lasted 01:38:06 (18017 turns).

AlphabetPasta the Jinx (Octopode Arcane Marksman)  Turns: 18017, Time: 01:38:06

Health: -3/78      AC:  3    Str: 16    XL:     12   Next: 5%
Magic:  14/19      EV: 17    Int: 16    God:    Ashenzari [**....]
Gold:   433        SH:  0    Dex: 16    Spells: 6/21 levels left

rFire    . . .     SeeInvis .   a - +3 dagger (venom) (curse)
rCold    . . .     Gourm    +   (no shield)
rNeg     . . .     Faith    .   (helmet restricted)
rPois    .         Spirit   .   d - amulet of the gourmand
rElec    .         Reflect  .   p - ring of stealth
rCorr    .         Harm     .   D - ring of stealth
MR       .....                  r - +6 ring of strength (curse)
Stlth    +++++++...             (no ring)
Regen    0.3/turn               (no ring)
                                (no ring)
                                (no ring)
                                (no ring)

@: about to teleport, repel missiles
A: almost no armour, stealthy swim, amphibious, 8 rings, constrict 8, thin
metallic scales 1, camouflage 1, gelatinous body 1
a: Curse Item, Scrying, Renounce Religion


You were on level 11 of the Dungeon.
You worshipped Ashenzari.
Ashenzari was pleased with you.
You were completely stuffed.

You visited 2 branches of the dungeon, and saw 12 of its levels.
You also visited: Sewer.

You collected 625 gold pieces.
You spent 192 gold pieces at shops.

Inventory:

Hand Weapons
 a - a cursed +3 dagger of venom (weapon)
 b - a +0 hunting sling
 c - a +0 blowgun
 f - a +1 dagger of speed
 I - a +2 trident of protection
Missiles
 i - 460 stones
 v - a throwing net
 y - 101 sling bullets
 A - 16 javelins (quivered)
 C - 69 poisoned needles
 G - 8 tomahawks
Armour
 M - a +2 shield
Jewellery
 d - an amulet of the gourmand (around mantle)
 h - an uncursed amulet of rage
 p - a ring of stealth (left tentacle)
 r - a cursed +6 ring of strength (on tentacle)
 D - a ring of stealth (right tentacle)
Wands
 l - a wand of flame (48/48)
 x - a wand of confusion (29/48)
 L - a wand of clouds (3/9)
 O - a wand of clouds (6/9)
 Q - a wand of iceblast (3/15)
Scrolls
 j - 7 scrolls of teleportation
 s - 2 scrolls of remove curse
 H - 3 scrolls of identify
 J - a scroll of fog
 K - a scroll of amnesia
Potions
 k - 3 potions of agility
 m - 3 potions of might
 t - a potion of haste
 u - 5 potions of brilliance
 w - 4 potions of flight
 E - a potion of berserk rage
 F - 2 potions of cancellation
Books
 e - a book of Debilitation

   Spells                             Type                      Level
   a - Corona                         Hexes                        1
   b - Slow                           Hexes                        2
   c - Gell's Gravitas                Hexes/Translocation          3
   d - Inner Flame                    Hexes/Fire                   3
   e - Cause Fear                     Hexes                        4
   f - Leda's Liquefaction            Hexes/Earth                  4
 n - a book of Flames

   Spells                             Type                      Level
   a - Flame Tongue                   Conjuration/Fire             1
   b - Throw Flame                    Conjuration/Fire             2
   c - Conjure Flame                  Conjuration/Fire             3
   d - Inner Flame                    Hexes/Fire                   3
   e - Sticky Flame                   Conjuration/Fire             4
   f - Fireball                       Conjuration/Fire             5
 N - a book of Air

   Spells                             Type                      Level
   a - Shock                          Conjuration/Air              1
   b - Swiftness                      Charms/Air                   2
   c - Repel Missiles                 Charms/Air                   2
   d - Static Discharge               Conjuration/Air              3
   e - Lightning Bolt                 Conjuration/Air              5
Comestibles
 g - 9 bread rations
 q - 11 fruits
 z - 6 meat rations
 B - 13 royal jellies


   Skills:
 + Level 5.8 Fighting
 * Level 7.6(9.9) Short Blades
 - Level 4.5(6.4) Slings
 * Level 7.0(7.7) Throwing
 + Level 6.1 Dodging
 + Level 8.3 Stealth
 + Level 5.2 Shields
 + Level 5.3 Spellcasting
 * Level 8.6 Hexes
 - Level 1.0 Charms
 + Level 0.8 Translocations
 - Level 2.9 Evocations


You had 6 spell levels left.
You knew the following spells:

 Your Spells              Type           Power        Failure   Level  Hunger
a - Corona                Hex            ####...      1%          1    None
b - Slow                  Hex            ####....     1%          2    #......
c - Gell's Gravitas       Hex/Tloc       ###.......   8%          3    ###....
d - Apportation           Tloc           #.....       12%         1    None
e - Cause Fear            Hex            ####......   6%          4    ####...
f - Repel Missiles        Chrm/Air       #.....       21%         2    #......
g - Swiftness             Chrm/Air       #.......     21%         2    #......


Dungeon Overview and Level Annotations

Branches:
Dungeon (11/15)            Temple (1/1) D:6            Lair (0/6) D:9
    Orc (0/2) D:9

Altars:
Ashenzari
Cheibriados
Dithmenos
Elyvilon
Fedhas
Gozag
Hepliaklqana
Kikubaaqudgha
Makhleb
Nemelex Xobeh
Okawaru
Qazlal
Ru
Sif Muna
Trog
Uskayaw
Vehumet
Xom
Yredelemnul
Zin
The Shining One
Lugonu

Shops:
D:4 [   D:6 %*=%   D:8 (

Portals:
Abyss: D:1

Annotations:
D:9 Raine357's ghost, journeyman DECj


Innate Abilities, Weirdness & Mutations

You cannot wear most types of armour.
You are very stealthy in the water. (Stealth+)
You are amphibious.
You can wear up to eight rings at the same time.
You can use your tentacles to constrict eight enemies at once.
Your skin changes colour to match your surroundings (Stealth+).
Your rubbery body absorbs attacks. (AC +1, EV +1)
You are partially covered in thin metallic scales. (AC +2)


Message History

You hit the big kobold.
The big kobold is poisoned.
Your grab misses the big kobold. Your squeeze misses the big kobold.
The big kobold is lightly wounded.
The centaur unwields an uncursed shortbow.
The centaur completely misses you.
You barely miss the big kobold. You grab the big kobold.
The big kobold is lightly wounded.
You constrict the big kobold. The big kobold hits you with a dagger.
* * * LOW HITPOINT WARNING * * *
You hit the big kobold.
The big kobold is heavily wounded.
You constrict the big kobold. The centaur barely misses you.
The wight closely misses you.
Unknown command.
You hit the big kobold but do no damage.
The big kobold is severely wounded.
You constrict the big kobold. The big kobold hits you with a dagger.
* * * LOW HITPOINT WARNING * * *
The centaur hits you.
You die...

, , , *, , * * , , *
....... ,, , , ......, , ,
, .....#*### * , , ,,,
....#.... ### * #...#....,
, ,, , #... #...'.. , . *
#.... #cz.# , ,#... ,
#.....#@..# , , ,,#... ,
#.....K(.(###########... ,
*
..#.....#(....)...........
. ,
#..#.....##((....%.........
.. , #..#....
#................
..#####..'....
#......(.........
.........#...
#................
.........#...,
#.########.......
.........# ,,#.# , #...####


You could see a big kobold, a centaur and a wight.

Vanquished Creatures
  3 two-headed ogres
  An unseen horror (D:11)
  A cyclops (D:11)
  A queen bee (D:8)
  A troll (D:9)
  Prince Ribbit (D:7)
  A hornet (D:10)
  7 hippogriffs
  A yak (D:9)
  Eustachio (D:4)
  A hungry ghost (D:10)
  3 wargs
  An acid dragon (D:8)
  A water moccasin (D:6)
  An ice beast (D:11)
  3 sky beasts
  7 orc warriors
  12 ogres
  A centaur (D:9)
  5 big kobolds
  Blork the orc (D:6)
  7 bullfrogs
  A water moccasin zombie (D:8)
  A wyvern zombie (D:8)
  2 gnoll sergeants
  21 killer bees
  A wyvern skeleton (D:9)
  4 scorpions
  A howler monkey (D:11)
  14 wights
  4 crimson imps
  A centaur zombie (D:10)
  A bullfrog zombie (D:8)
  7 jellies
  A quasit (D:8)
  4 hounds
  A gnoll shaman (D:9)
  6 orc priests
  Crazy Yiuf (D:3)
  Jessica (D:3)
  2 centaur skeletons
  4 iguanas
  16 orc wizards
  6 worker ants
  A hound zombie (D:5)
  A worker ant zombie (D:8)
  Robin (D:2)
  24 gnolls
  5 river rats (Sewer)
  13 adders
  2 shadow imps
  2 oozes
  An adder zombie (D:5)
  An adder skeleton (D:7)
  A worm (D:4)
  A dart slug (D:3)
  9 leopard geckos
  62 orcs
  14 bats
  5 giant cockroaches
  15 goblins
  16 hobgoblins
  8 jackals
  41 kobolds
  7 quokkas
  10 ball pythons
  8 frilled lizards
  A jackal skeleton (D:4)
  A leopard gecko skeleton (D:8)
  A quokka zombie (D:5)
  26 rats
438 creatures vanquished.

Vanquished Creatures (others)
  2 kobolds (D:11)
  2 plants (D:8)
4 creatures vanquished.

Grand Total: 442 creatures vanquished

Notes
Turn   | Place    | Note
-------+----------+-------------------------------------------
     0 | D:1      | AlphabetPasta the Octopode Arcane Marksman began the quest for the Orb.
     0 | D:1      | Reached XP level 1. HP: 13/13 MP: 2/2
   126 | D:1      | Found a one-way gate to the infinite horrors of the Abyss.
   126 | D:1      | Found a corrupted altar of Lugonu.
   126 | D:1      | Noticed a quasit
   126 | D:1      | Noticed an iron imp
   126 | D:1      | Noticed an iron imp
   126 | D:1      | Noticed a demonic crawler
   126 | D:1      | Noticed a demonic crawler
   126 | D:1      | Noticed a quasit
   126 | D:1      | Noticed a quasit
   127 | D:1      | Noticed a demonic crawler
   130 | D:1      | Noticed a quasit
   168 | D:1      | Reached XP level 2. HP: 6/18 MP: 3/3
   174 | D:1      | Learned a level 2 spell: Slow
   779 | D:1      | Reached XP level 3. HP: 23/23 MP: 4/4
  1151 | D:1      | Reached skill level 1 in Stealth
  1651 | D:2      | Reached skill level 1 in Short Blades
  1689 | D:2      | Noticed Robin
  1698 | D:2      | Killed Robin
  1698 | D:2      | Reached XP level 4. HP: 19/29 MP: 6/6
  2148 | D:2      | Learned a level 3 spell: Gell's Gravitas
  2245 | D:2      | Found a deep blue altar of Sif Muna.
  2648 | D:3      | Reached XP level 5. HP: 30/34 MP: 7/7
  2718 | D:3      | Noticed Jessica
  2730 | D:3      | Killed Jessica
  2768 | D:3      | Found a glowing drain.
  2803 | Sewer    | Entered a sewer
  3191 | Sewer    | Reached XP level 6. HP: 38/39 MP: 8/8
  4016 | D:3      | Found a runed door.
  4021 | D:3      | Noticed Crazy Yiuf
  4026 | D:3      | Killed Crazy Yiuf
  4060 | D:3      | Found a sacrificial altar of Ru.
  4125 | D:4      | Found Okif's Armour Emporium.
  4140 | D:4      | Found a sparkling altar of Nemelex Xobeh.
  4235 | D:4      | Noticed Eustachio
  4255 | D:4      | Killed Eustachio
  4255 | D:4      | Reached XP level 7. HP: 39/45 MP: 5/10
  4469 | D:4      | Learned a level 1 spell: Apportation
  5097 | D:4      | Bought a +0 shield for 45 gold pieces
  5408 | D:5      | Entered Level 5 of the Dungeon
  5872 | D:5      | Reached skill level 5 in Hexes
  6029 | D:5      | Reached XP level 8. HP: 51/51 MP: 11/11
  6043 | D:5      | Reached skill level 1 in Shields
  6264 | D:6      | Found Becheyh's Jewellery Boutique.
  6280 | D:6      | Noticed Blork the orc
  6290 | D:6      | Killed Blork the orc
  6390 | D:6      | Found a staircase to the Ecumenical Temple.
  6404 | Temple   | Entered the Ecumenical Temple
  6410 | Temple   | Became a worshipper of Ashenzari the Shackled
  6579 | D:6      | Found a shadowy altar of Dithmenos.
  6714 | D:6      | Found Zekhaib's Food Shoppe.
  6736 | D:6      | Found Goax's Assorted Antiques.
  6758 | D:6      | Reached skill level 1 in Throwing
  6769 | D:6      | Bought a scroll of remove curse for 75 gold pieces
  6769 | D:6      | Bought a scroll of identify for 50 gold pieces
  6769 | D:6      | Bought a white potion for 22 gold pieces
  7309 | D:6      | Found a snail-covered altar of Cheibriados.
  7459 | D:6      | Found Wafoett's Food Shop.
  7573 | D:6      | Reached XP level 9. HP: 34/57 MP: 7/13
  7579 | D:6      | Learned a level 4 spell: Cause Fear
  7751 | D:7      | Learned a level 4 spell: Cause Fear
  7754 | D:7      | Noticed Prince Ribbit
  7762 | D:7      | Killed Prince Ribbit
  7772 | D:7      | Gained mutation: You are partially covered in thin metallic scales. (AC +2) [potion of beneficial mutation]
  7816 | D:7      | Reached skill level 5 in Stealth
  7822 | D:7      | Reached * piety under Ashenzari
  8837 | D:8      | Reached skill level 5 in Short Blades
  9101 | D:8      | Found a white marble altar of Elyvilon.
  9423 | D:8      | Noticed a queen bee
  9477 | D:8      | Reached XP level 10. HP: 28/64 MP: 15/15
 10457 | D:8      | Reached skill level 5 in Dodging
 11102 | D:8      | Found a deep blue altar of Sif Muna.
 11419 | D:8      | Found Kuhoitin's Weapon Shop.
 11597 | D:9      | Noticed Raine357's ghost (journeyman DECj)
 11677 | D:8      | Reached skill level 5 in Throwing
 11781 | D:9      | Noticed a two-headed ogre
 12472 | D:9      | Reached ** piety under Ashenzari
 13023 | D:9      | Reached skill level 1 in Evocations
 13025 | D:9      | Reached skill level 5 in Fighting
 13270 | D:9      | Noticed a two-headed ogre
 13788 | D:8      | Killed a two-headed ogre
 13788 | D:8      | Reached XP level 11. HP: 42/72 MP: 11/17
 13963 | D:9      | Noticed a two-headed ogre
 14220 | D:9      | Noticed a two-headed ogre
 14347 | D:9      | Killed a two-headed ogre
 14428 | D:9      | Found a staircase to the Lair.
 14461 | D:9      | Killed a two-headed ogre
 14491 | D:9      | Found a staircase to the Orcish Mines.
 15932 | D:10     | Entered Level 10 of the Dungeon
 15950 | D:10     | Reached skill level 5 in Spellcasting
 16093 | D:10     | Learned a level 2 spell: Repel Missiles
 16097 | D:10     | Learned a level 2 spell: Swiftness
 17084 | D:10     | Reached skill level 1 in Charms
 17291 | D:11     | Reached skill level 5 in Shields
 17367 | D:11     | Noticed a cyclops
 17391 | D:11     | Killed a cyclops
 17685 | D:11     | Killed an unseen horror
 17685 | D:11     | Reached XP level 12. HP: 25/78 MP: 17/19
 18017 | D:11     | HP: 2/78 [big kobold/dagger (6)]
 18017 | D:11     | Slain by a centaur

Vault maps used:
D:1:      erik_arrival_cave_to_civilisation
D:2:      marbit_many_paths, uniq_robin
D:3:      nicolae_ru_path_of_blood, portal_sewer_entry_f, uniq_jessica,
          uniq_crazy_yiuf_cottage
D:4:      nemelex_xobeh_ov_fountains_minmay, first_bread, serial_shops,
          nicolae_shop_statue_plus, uniq_eustachio
D:5:      lightli_minifort
D:6:      kennysheep_mini, old_standard_altar, minmay_temple_entry_overgrown,
          serial_shops, shop_fountains, nicolae_shop_behind_doors, shop,
          shop_statue, uniq_blork_the_orc
D:7:      uniq_prince_ribbit1
D:8:      corexii_shantytown, serial_shops, nicolae_shop_waterfront,
          basic_altar, david_nohive_1, tgw_sif
D:9:      erik_lair_orcish_takeover, kennysheep_orc_monster_closet_entryway,
          minmay_joined_circles
D:10:     minmay_misc_feat_square
D:11:     eino_small_chamber_without_monster
Temple:   eino_temple_rhombus
Sewer:    sewer_minmay_treatment

Skill      XL: |  1  2  3  4  5  6  7  8  9 10 11 |
---------------+----------------------------------+-----
Stealth        | 1 2 3 4 5 7 8 |  8.3
Short Blades   | 1 2 3 4 5 6 7 |  7.6
Fighting       | 2 3 4 5 |  5.8
Slings         | 3 4 |  4.5
Dodging        | 3 4 5 6 |  6.1
Hexes          | 4 5 6 7 8 |  8.6
Spellcasting   | 2 3 4 5 |  5.3
Shields        | 2 3 4 5 |  5.2
Throwing       | 2 4 5 7 |  7.0
Evocations     | 1 2 |  2.9
Charms         | 1 |  1.0
Translocations | |  0.8

Action                   |  1- 3 |  4- 6 |  7- 9 | 10-12 || total
-------------------------+-------+-------+-------+-------++-------
Melee: Unarmed           |    53 |       |       |       ||    53
       Constrict         |    28 |    62 |    62 |    87 ||   239
       Tentacles         |    13 |    47 |    68 |   151 ||   279
       Dagger            |    57 |   260 |   256 |   674 ||  1247
 Fire: Hunting sling     |    13 |     4 |    22 |       ||    39
       Blowgun           |       |       |     3 |       ||     3
Throw: Stone             |       |       |       |    23 ||    23
       Javelin           |       |       |       |    14 ||    14
 Cast: Corona            |       |     8 |    21 |    49 ||    78
       Slow              |       |     9 |    30 |   102 ||   141
       Gell's Gravitas   |       |       |     4 |       ||     4
       Cause Fear        |       |       |     2 |     1 ||     3
       Repel Missiles    |       |       |       |     2 ||     2
Invok: Curse Item        |       |       |       |     2 ||     2
  Use: Scroll            |     3 |     7 |    15 |     6 ||    31
       Potion            |       |     2 |    11 |     2 ||    15
 Stab: Sleeping          |     6 |    12 |    19 |    28 ||    65
       Distracted        |       |     1 |     1 |     4 ||     6
       Invisible         |       |       |     1 |       ||     1
  Eat: Chunk             |     1 |    16 |    17 |    40 ||    74
       Bread ration      |     1 |       |       |       ||     1
       Fruit             |       |       |       |     2 ||     2
Armor: Skin              |    20 |     7 |    11 |    26 ||    64
Dodge: Dodged            |    70 |   142 |   120 |   284 ||   616
       Deflected         |       |       |       |     3 ||     3
